 Seeded DCSS version 0.30.1-11-g7821555f0a (webtiles) character file.

Game seed: 5129858224507802926 (custom seed)

341 Psyclone the Conjurer (level 6, 7/35 HPs)
             Began as a Deep Elf Conjurer on Nov 8, 2023.
             Quit the game on level 4 of the Dungeon.
             The game lasted 00:02:16 (962 turns).

Psyclone the Conjurer (Deep Elf Conjurer)            Turns: 962, Time: 00:02:17

Health: 7/35       AC:  2    Str:  4    XL:     6   Next: 30%
Magic:  2/16       EV: 12    Int: 25    God:
Gold:   70         SH:  0    Dex: 13    Spells: 13/16 levels left

rFire   . . .        (no weapon)
rCold   . . .        (no shield)
rNeg    . . .        a - +0 robe
rPois   .            (no helmet)
rElec   .            (no cloak)
rCorr   .            (no gloves)
SInv    .            (no boots)
Will    +....        (no amulet)
Stlth   ++           (no ring)
HPRegen 0.25/turn    (no ring)
MPRegen 0.15/turn

%: clarity
@: no status effects
A: clarity, strong-willed 1, robust 1, evolution 1, sturdy frame 1
a: no special abilities


You were on level 4 of the Dungeon.
You visited 1 branch of the dungeon, and saw 4 of its levels.

You collected 70 gold pieces.

Inventory:

Armour
 a - a +0 robe (worn)
Scrolls
 d - a scroll of amnesia {unknown}
 e - a scroll of magic mapping {unknown}
 f - 3 scrolls of fear {unknown}
 g - a scroll of identify {unknown}
Potions
 b - a potion of magic
 c - 3 potions of mutation


   Skills:
 - Level 2.4 Dodging
 - Level 2.4 Stealth
 + Level 5.6 Spellcasting
 * Level 7.3 Conjurations


You had 13 spell levels left.
You knew the following spells:

 Your Spells              Type           Power      Damage    Failure   Level
a - Magic Dart            Conj           100%       1d8       1%          1
b - Searing Ray           Conj           86%        2d7       1%          2

Your spell library contained the following spells:

 Spells                   Type           Power      Damage    Failure   Level
 Dazzling Flash           Conj/Hex       50%        N/A       4%          3
 Fulminant Prism          Conj/Hex       12%        3d8       17%         4
 Iskenderun's Mystic Bla  Conj/Tloc      25%        2d7       17%         4


Dungeon Overview and Level Annotations

Branches:
Dungeon (4/15) Zot: 23038
 Temple: D:4-7

Altars:
Elyvilon

Shops:
D:2 =![


Innate Abilities, Weirdness & Mutations

You possess an exceptional clarity of mind.
You are strong-willed. (Will+)
You are robust. (+10% HP)
You have hidden genetic potential.
Your movements are slightly less encumbered by armour. (ER -2)


Message History

Eustachio is heavily wounded. (Press . to maintain the ray.) Eustachio hits you with a +0 rapier!
You take 8 damage, and have 16/30 hp.
MASSIVE DAMAGE!!
You now have 7/14 mp.
The searing ray hits Eustachio.
Eustachio is severely wounded.
Eustachio hits you with a +0 rapier!
* * * LOW HITPOINT WARNING * * *
You take 9 damage, and have 7/30 hp.
MASSIVE DAMAGE!!
You now have 6/14 mp.
The searing ray hits Eustachio!
Eustachio is almost dead.
The searing ray hits the orc.
The orc is heavily wounded.
Eustachio hits you with a +0 rapier.
* * * LOW HITPOINT WARNING * * *
You take 2 damage, and have 5/30 hp.
You now have 5/14 mp.
The searing ray hits Eustachio!
You kill Eustachio!
The searing ray misses the orc.
You finish channelling your searing ray.
Your Conjurations skill increases to level 7!
You have reached level 6!
Casting: Searing Ray (safe; 1% risk of failure)
Confirm with . or Enter, or press ? or * to list all spells.
Aiming: Searing Ray (safe; 1% risk of failure)
Press: ? - help, Shift-Dir - straight line, f - orc
Aim: an orc, wielding a +0 club and wearing a +0 leather armour (heavily wounded, 82% to hit)
The searing ray hits the orc.
The orc is severely wounded. (Press . to maintain the ray.)
You now have 3/16 mp.
The searing ray hits the orc.
You kill the orc!
An orc comes into view. It is wielding a +0 short sword.
You feel a genetic drift.
You feel strong-willed.
You now have 2/16 mp.
Unknown command.
Unknown command.
Are you sure you want to abandon this character and quit the game? (Confirm with "yes".)

##.......#...###...###...#.......
#........## ##.## #####.......
........# #.# #..........
>#......#### ##.## #..........
...........#####...# #..........
##......##.....#.⌠.# #..........
#...#.#####...#...######.#####.#
##...#.# #...##)##..#...# .#
....##.## ###..@)......### .
.#..##..### #########.o..#
....###...##### #.......#
...####.......# .?#..##$.#
....>.......<.# #....## o#
..####........# ..#### ..#
##.......# ..# ..# ######### ..#
###


You could see an orc.

Vanquished Creatures
  Eustachio (D:4)
  2 orc priests
  2 orc wizards
  4 gnolls (D:2)
  A worm (D:2)
  A dart slug (D:2)
  9 orcs
  A bat (D:2)
  3 endoplasms
  3 goblins
  4 hobgoblins
  A quokka (D:2)
  3 ball pythons
  2 kobolds
  A rat (D:1)
38 creatures vanquished.

Notes
Turn   | Place    | Note
-------+----------+-------------------------------------------
     0 | D:1      | Psyclone the Deep Elf Conjurer began the quest for the Orb.
     0 | D:1      | Reached XP level 1. HP: 10/10 MP: 6/6
    80 | D:2      | Found Zutuxkoi's Jewellery Shop.
    83 | D:2      | Reached XP level 2. HP: 15/15 MP: 4/8
   100 | D:2      | Learned a level 2 spell: Searing Ray
   149 | D:2      | Gained mutation: You possess an exceptional clarity of
                  | mind. [potion of mutation]
   149 | D:2      | Gained mutation: Your movements are slightly less
                  | encumbered by armour. (ER -2) [potion of mutation]
   149 | D:2      | Gained mutation: You have hidden genetic potential. [potion
                  | of mutation]
   287 | D:2      | Found Tatheism's Distillery.
   295 | D:2      | Reached skill level 5 in Conjurations
   345 | D:2      | Found Xoolosaxt's Antique Armour Shop.
   438 | D:2      | Reached XP level 3. HP: 19/19 MP: 6/10
   451 | D:2      | Gained mutation: You are robust. (+10% HP) [hidden
                  | potential]
   621 | D:3      | Reached XP level 4. HP: 7/26 MP: 7/12
   622 | D:3      | Reached skill level 6 in Conjurations
   634 | D:3      | Gained mutation: You have great hidden genetic potential.
                  | [hidden potential]
   634 | D:3      | Lost mutation: You have great hidden genetic potential.
                  | [hidden potential expressed]
   810 | D:4      | Reached XP level 5. HP: 4/30 MP: 10/14
   814 | D:4      | Reached skill level 5 in Spellcasting
   915 | D:4      | Found a white marble altar of Elyvilon.
   944 | D:4      | Noticed Eustachio
   959 | D:4      | Killed Eustachio
   960 | D:4      | Reached skill level 7 in Conjurations
   960 | D:4      | Reached XP level 6. HP: 6/35 MP: 5/16
   961 | D:4      | Gained mutation: You are strong-willed. (Will+) [hidden
                  | potential]
   962 | D:4      | Quit the game

Illustrated notes

Levels and vault maps discovered:
D:1:      saegor_arrival_simple_c, layout_rooms, serial_shops, shop,
          kennysheep_nondescript, minmay_misc_feat_ornament
D:2:      layout_basic, serial_shops, nicolae_shop_tiny_statue_garden,
          nicolae_shop_scrapyard, shop, shop
D:3:      layout_loops_ring
D:4:      layout_rooms, elyvilon_altar_1, minmay_temple_entry_trees,
          uniq_eustachio

Skill      XL: |  1  2  3  4  5 |
---------------+----------------+-----
Conjurations   | 5 6 7 |  7.3
Spellcasting   | 4 5 |  5.6
Dodging        | |  2.4
Stealth        | |  2.4

Action                     |  1- 3 |  4- 6 || total
---------------------------+-------+-------++-------
   Cast: Magic Dart        |    16 |     5 ||    21
         Searing Ray       |     9 |    11 ||    20
    Use: Potion            |     1 |       ||     1
  Dodge: Dodged            |     1 |       ||     1
